 Dungeon Crawl Stone Soup version 0.29-a0-483-g69413ace17 (webtiles) character file.

Game seed: 4272414386882703247

68552 siradein the Prestidigitator (level 14, -7/113 HPs)
             Began as a Demonspawn Necromancer on May 25, 2022.
             Was a High Priest of Kikubaaqudgha.
             Mangled by a white ugly thing (43 damage)
             ... on level 12 of the Dungeon.
             The game lasted 01:39:18 (26163 turns).

siradein the Prestidigitator (DsNe)                Turns: 26163, Time: 01:39:18

Health: -7/113     AC: 21    Str: 19    XL:     14   Next: 87%
Magic:  15/29      EV: 15    Int: 22    God:    Kikubaaqudgha [*****.]
Gold:   1536       SH:  9    Dex: 16    Spells: 3/36 levels left

rFire   + + .      SeeInvis +   W - +8 quick blade (protect)
rCold   x . .      Faith    .   y - +0 buckler
rNeg    . . .      Spirit   .   X - +4 fire dragon scales
rPois   +          Reflect  .   k - +1 hat
rElec   .          Harm     .   (cloak unavailable)
rCorr   .          Rampage  .   l - +0 pair of gloves
Will    +....                   x - +0 pair of boots
Stlth   ..........              (no amulet)
HPRegen 0.28/turn               T - ring of the Distant Future {rPois Dex+3 SInv}
MPRegen 0.21/turn               c - +6 ring of strength

@: mighty, agile, studying Summonings
A: slimy green scales 1, powered by death 2, powered by pain 2, weakness stinger
3, large bone plates 1, strong 2, MP-powered wands
a: Renounce Religion, Unearth Wretches, Torment


You were on level 12 of the Dungeon.
You worshipped Kikubaaqudgha.
Kikubaaqudgha was extremely pleased with you.
You visited 3 branches of the dungeon, and saw 19 of its levels.
You also visited: Sewer, Ossuary and Volcano.

You collected 1536 gold pieces.

Inventory:

Hand Weapons
 W - a +8 quick blade of protection (weapon)
Missiles
 d - 11 curare-tipped darts
 S - 3 throwing nets
Armour
 k - a +1 hat (worn)
 l - a +0 pair of gloves (worn)
 x - a +0 pair of boots (worn)
 y - a +0 buckler (worn)
 A - the +10 chain mail "Webbium" {rElec rF+ Str+4 Dex+3}
   (You found it on level 5 of the Dungeon)

   Str:       It affects your strength (+4).
   Dex:       It affects your dexterity (+3).
   rF:        It protects you from fire.
   rElec:     It insulates you from electricity.
 X - +4 fire dragon scales (worn)
Magical Staves
 h - a staff of death
Jewellery
 a - a +6 ring of dexterity
 c - a +6 ring of strength (right hand)
 f - a +6 ring of intelligence
 g - a ring of willpower
 B - a ring of magical power
 F - a ring of wizardry
 Q - a ring of resist corrosion
 T - the ring of the Distant Future (left hand) {rPois Dex+3 SInv}
   (You found it on level 6 of the Lair of Beasts)

   [ring of poison resistance]

   Dex:       It affects your dexterity (+3).
   rPois:     It protects you from poison.
   SInv:      It lets you see invisible.
 U - a +4 ring of protection
Wands
 q - a wand of iceblast (4)
 u - a wand of digging (12)
 w - a wand of charming (6)
 z - a wand of mindburst (16)
 D - a wand of flame (22)
 N - a wand of polymorph (5)
 P - a wand of paralysis (7)
Scrolls
 e - 5 scrolls of fog
 n - 6 scrolls of amnesia
 o - 2 scrolls of torment
 p - 7 scrolls of immolation
 r - 2 scrolls of noise {unknown}
 s - 9 scrolls of teleportation {unknown}
 v - 3 scrolls of magic mapping
 G - 4 scrolls of poison
 H - 6 scrolls of brand weapon
 K - 2 scrolls of enchant weapon
 L - a scroll of silence {unknown}
 R - a scroll of blinking {unknown}
 V - 2 scrolls of fear
Potions
 b - 3 potions of magic
 i - 3 potions of cancellation
 j - 5 potions of haste
 C - 4 potions of might
 E - a potion of flight {unknown}
 I - 2 potions of invisibility {unknown}
 J - 3 potions of brilliance
 M - 6 potions of curing
Miscellaneous
 O - a box of beasts (inert)


   Skills:
 + Level 11.3 Fighting
 - Level 10.0 Armour
 - Level 1.7 Dodging
 - Level 1.7 Stealth
 + Level 4.2 Shields
 + Level 11.9 Spellcasting
 + Level 14.5 Necromancy
 + Level 2.3 Ice Magic
 + Level 2.4 Earth Magic
 + Level 14.8 Evocations


You had 3 spell levels left.
You knew the following spells:

 Your Spells              Type           Power      Damage    Failure   Level
a - Necrotize             Necr           100%       1d9       1%          1
b - Vampiric Draining     Necr           67%        2d10      1%          3
c - Animate Dead          Necr           67%        N/A       1%          4
d - Dispel Undead         Necr           67%        3d23      1%          4
e - Simulacrum            Ice/Necr       25%        N/A       67%         6
f - Sublimation of Blood  Necr           67%        N/A       1%          2
g - Borgnjor's Vile Clut  Necr/Erth      25%        N/A       17%         5
h - Corpse Rot            Necr/Pois/Air  34%        N/A       26%         4
i - Anguish               Hex/Necr       22%        N/A       10%         4

Your spell library contained the following spells:

 Spells                   Type           Power      Damage    Failure   Level
 Beastly Appendage        Tmut           26%        N/A       21%         1
 Foxfire                  Conj/Fire      52%        2x1d6     21%         1
 Magic Dart               Conj           52%        1d5       21%         1
 Blink                    Tloc           26%        N/A       30%         2
 Searing Ray              Conj           26%        2d5       30%         2
 Static Discharge         Conj/Air       13%        N/A       30%         2
 Wereblood                Tmut           13%        N/A       30%         2
 Stone Arrow              Conj/Erth      36%        3d9       34%         3
 Call Canine Familiar     Summ           13%        N/A       52%         3
 Conjure Flame            Conj/Fire      13%        6-21      52%         3
 Inner Flame              Hex/Fire       13%        N/A       52%         3
 Lesser Beckoning         Tloc           13%        N/A       52%         3
 Portal Projectile        Hex/Tloc       26%        N/A       52%         3
 Spider Form              Tmut/Pois      13%        N/A       52%         3
 Agony                    Necr           67%        N/A       1%          5
 Animate Armour           Summ/Erth      36%        N/A       75%         4
 Hailstorm                Conj/Ice       18%        3d6       75%         4
 Ice Form                 Ice/Tmut       18%        N/A       75%         4
 Leda's Liquefaction      Hex/Erth       9%         N/A       75%         4
 Petrify                  Tmut/Erth      18%        N/A       75%         4
 Cause Fear               Hex            6%         N/A       89%         4
 Flame Wave               Conj/Fire      13%        2d6       89%         4
 Fulminant Prism          Conj/Hex       6%         3d7       89%         4
 Sticky Flame             Conj/Fire      13%        2d4       89%         4
 Blade Hands              Tmut           6%         N/A       99%         5
 Irradiate                Conj/Tmut      6%         3d15      99%         5
 Manifold Assault         Tloc           13%        N/A       99%         5
 Dispersal                Tloc           6%         N/A       100%        6
 Iron Shot                Conj/Erth      9%         9d3       100%        6
 Dragon Form              Tmut           6%         N/A       100%        7
 Disjunction              Tloc           6%         N/A       100%        8
 Lehudib's Crystal Spear  Conj/Erth      9%         10d4      100%        8
 Dragon's Call            Summ           6%         N/A       100%        9


Dungeon Overview and Level Annotations

Branches:
Dungeon (12/15)            Temple (1/1) D:7            Lair (6/6) D:9
 Shoals (0/4) Lair:2        Snake (0/4) Lair:2        Slime (0/5) Lair:6
    Orc (0/2) D:11          Sewer (visited)         Ossuary (visited)
Volcano (visited)

Altars:
Gozag
Kikubaaqudgha
Nemelex Xobeh
Ru
Trog
Uskayaw
Xom
Yredelemnul
Jiyva


Innate Abilities, Weirdness & Mutations

You are partially covered in slimy green scales. (AC +2)
You regenerate health from kills.
You sometimes gain power by taking damage.
You have a sharp stinger which inflicts weakening toxins.
You are partially covered in large bone plates. (SH +4)
Your muscles are very strong. (Str +4)
You expend magic power (3 MP) to strengthen your wands.


Message History

Your reaping aura expires.
You block the eight-headed hydra's attack. x2
The eight-headed hydra bites you but does no damage.
The eight-headed hydra barely misses you.
The eight-headed hydra bites you but does no damage. x3
The eight-headed hydra closely misses you.
Unknown command.
You puncture the eight-headed hydra!
You kill the eight-headed hydra!
Kikubaaqudgha accepts your kill.
The white ugly thing tail-slaps you but does no damage.
Unknown command.
Unknown command.
You swap places.
The white ugly thing attacks as you move away!
The white ugly thing tail-slaps you! The white ugly thing freezes you!!
You feel a terrible chill!
You focus on the pain.
You feel your power returning.
The slime creature hits your cyclops zombie!
The white ugly thing tail-slaps your cyclops zombie!
The white ugly thing freezes your cyclops zombie.
Your cyclops zombie resists.
Unknown command.
The slime creature hits your cyclops zombie!
Your cyclops zombie is destroyed!
You see here 2 large rocks.
There is a stone staircase leading down here.
You are too injured to fight recklessly!
Casting: Vampiric Draining (safe; 1% risk of failure)
Confirm with . or Enter, or press ? or * to list all spells.
Aiming: Vampiric Draining (safe; 1% risk of failure)
Press: ? - help, Shift-Dir - straight line, f - white ugly thing
Aim: a white ugly thing You draw life force from the white ugly thing!
You feel life coursing into your body. The white ugly thing tail-slaps you!
You focus on the pain.
You feel agile all of a sudden. The white ugly thing freezes you!!!
You feel a terrible chill!
You die...
Kikubaaqudgha rasps: "You have failed me!
Welcome... death!"

#.* *.# *>* #.# #.
###.#####>#****,#########.######.
..........,,,,,,..........Z.Z.Z..
*#.......#******#######Z########Z
#.......# #Z# #. #.......# #.# #Z
#.......# #Z# #.
##....<$(##############.########Z
..:....()$.(.J>u@.......Z........
############[#####.#####.#######Z
#.# #.# #Z# #. #.# #.# #.# #Z #.#
#.# #Z# #Z
############.#####.#####.# #Z
.....................ZZZ.# #Z
###.#####.#####.########.# #Z #.#
#.# #.# #.#######Z


You could see a white ugly thing and a slime creature.

Vanquished Creatures
  Kirke (Lair:5)
  A fire dragon (Volcano)
  A boulder beetle (D:7)
  Harold (D:11)
  5 hydras
  7 death yaks
  4 two-headed ogres
  A phantasmal warrior (D:12)
  6 lindwurms
  A deep elf pyromancer (D:12)
  An oklob plant (Lair:3)
  3 salamanders (Volcano)
  A manticore (Lair:6)
  2 cyclopes (D:12)
  2 black mambas
  9 elephants
  The ghost of Bediveer the Ruffian, a novice DrTm (D:7)
  Joseph (D:7)
  A gargoyle (D:12)
  2 kobold demonologists
  An unseen horror (D:11)
  Maggie (D:6)
  14 komodo dragons
  7 cane toads
  2 rime drakes (Lair:6)
  4 polar bears
  A burning bush (Lair:3)
  2 trolls (D:11)
  3 dream sheep (Lair:6)
  A slime creature (D:12)
  7 blink frogs
  16 yaks
  4 wraiths
  9 wyverns
  A shadow (D:11)
  A basilisk (Lair:6)
  A fire bat (Volcano)
  2 steam dragons
  3 vampire mosquitoes (D:11)
  3 acid dragons (D:11)
  10 water moccasins
  5 orc warriors
  A sky beast (D:7)
  An ice beast (D:6)
  A black bear (D:6)
  Pargi (Sewer)
  10 centaurs
  3 ogres
  8 wolves
  2 boggarts (Lair:5)
  A phantom (D:5)
  13 bullfrogs
  2 kobold brigands (D:9)
  A necrophage (D:4)
  2 scorpions
  3 wights
  5 jellies
  16 killer bees
  3 howler monkeys
  2 electric eels (Lair:1)
  A lava snake (Lair:1)
  5 orc priests
  3 iguanas
  9 orc wizards
  8 mummies (Ossuary)
  10 gnolls
  A river rat (D:4)
  8 adders
  A shadow imp (D:5)
  A white imp (D:7)
  2 ufetubi
  4 worms
  2 dart slugs
  25 orcs
  6 endoplasms
  A giant cockroach (D:1)
  2 gnoll zombies (Ossuary)
  10 goblins
  4 hobgoblins
  5 jackals
  3 quokkas
  8 ball pythons
  5 bats
  6 frilled lizards
  A hobgoblin zombie (Ossuary)
  14 kobolds
  2 kobold zombies (Ossuary)
  3 orc zombies (Ossuary)
  8 rats
382 creatures vanquished.

Vanquished Creatures (collateral kills)
  A war gargoyle (D:12)
  Erolcha (D:11)
  6 hydras
  A catoblepas (Lair:6)
  A two-headed ogre (Volcano)
  4 death yaks (Lair:6)
  An orc sorcerer (D:12)
  A manticore (Lair:6)
  A cyclops (D:11)
  5 elephants
  A black mamba (Lair:1)
  3 cane toads
  A gargoyle (D:9)
  A rime drake (Lair:2)
  6 komodo dragons
  2 polar bears
  7 blink frogs
  4 dream sheep
  15 yaks
  5 wyverns
  3 fire bats (Volcano)
  3 basilisks
  2 hogs (Lair:5)
  2 steam dragons
  2 water moccasins
  An ice beast (D:8)
  2 black bears
  2 boggarts (Lair:5)
  7 wolves
  2 centaurs
  5 bullfrogs
  A gnoll sergeant (D:10)
  A wight (D:6)
  A howler monkey (D:10)
  A gnoll (D:10)
  An orc (D:9)
  A hobgoblin (D:2)
  A bat (D:2)
  A frilled lizard (D:3)
  A goblin (D:1)
  4 kobolds
  2 bushes (Lair:3)
  A fire vortex (Lair:1)
114 creatures vanquished.

Vanquished Creatures (others)
  A catoblepas (Lair:6)
  2 death yaks (Lair:5)
  An orc knight (D:11)
  2 salamanders (Volcano)
  2 death yak zombies (Lair:6)
  2 hydra zombies (D:11)
  A tengu conjurer (D:11)
  A dream sheep (Lair:5)
  2 humans (Lair:5)
  A basilisk (Lair:6)
  2 two-headed ogre zombies
  3 cane toad zombies
  An elf zombie (D:12)
  5 elephant zombies (Lair:6)
  A dream sheep zombie (Lair:5)
  A lindwurm zombie (Volcano)
  A hog zombie (Lair:5)
  2 salamander zombies (Volcano)
  3 komodo dragon zombies
  A bullfrog (D:9)
  2 cyclops zombies (D:12)
  A scorpion (D:9)
  A wyvern zombie (Lair:3)
  2 water moccasin zombies
  8 yak zombies
  A troll zombie (D:11)
  5 wolf zombies
  3 centaur zombies
  A bullfrog zombie (D:9)
  A basilisk zombie (Lair:6)
  3 black bear zombies
  2 scorpion zombies (D:9)
  A killer bee zombie (D:10)
  An acid dragon zombie (D:11)
  12 orc zombies
  An orc (D:11)
  A giant cockroach (D:1)
  2 gnoll zombies (D:10)
  A ball python zombie (D:9)
  A kobold (D:9)
  8 kobold zombies
  A quokka zombie (D:4)
  A bush (D:8)
  28 fungi
  149 plants
272 creatures vanquished.

Grand Total: 768 creatures vanquished

Notes
Turn   | Place    | Note
-------+----------+-------------------------------------------
     0 | D:1      | siradein the Demonspawn Necromancer began the quest for the
                  | Orb.
     0 | D:1      | Reached XP level 1. HP: 13/13 MP: 3/3
   292 | D:1      | Gained mutation: You sometimes gain a little power by
                  | taking damage. [demonic ancestry]
   292 | D:1      | Reached XP level 2. HP: 19/19 MP: 1/5
   406 | D:1      | Found a faded altar of an unknown god.
  1141 | D:2      | Reached skill level 5 in Necromancy
  1141 | D:2      | Reached XP level 3. HP: 20/24 MP: 0/7
  1149 | D:2      | Learned a level 3 spell: Vampiric Draining
  1780 | D:2      | Reached XP level 4. HP: 30/30 MP: 3/9
  2196 | D:3      | Learned a level 4 spell: Animate Dead
  2529 | D:3      | Gained mutation: You are partially covered in slimy green
                  | scales. (AC +2) [demonic ancestry]
  2529 | D:3      | Reached XP level 5. HP: 35/35 MP: 2/10
  3614 | D:4      | Found a glowing drain.
  3618 | Sewer    | Entered a sewer
  3732 | Sewer    | Noticed Pargi
  3743 | Sewer    | Killed Pargi
  3744 | Sewer    | Reached XP level 6. HP: 41/41 MP: 4/12
  4321 | D:4      | Reached skill level 5 in Spellcasting
  4604 | D:4      | Identified the +2 ring mail of the Telling Gods {Rampage
                  | Will- rCorr}
  4656 | D:4      | Gained mutation: You sometimes gain power by taking damage.
                  | [demonic ancestry]
  4656 | D:4      | Reached XP level 7. HP: 46/46 MP: 12/14
  4945 | D:5      | Entered Level 5 of the Dungeon
  5237 | D:5      | Identified the +10 chain mail "Webbium" {rElec rF+ Str+4
                  | Dex+3}
  5949 | D:6      | Reached skill level 1 in Fighting
  5949 | D:6      | Reached skill level 1 in Evocations
  5949 | D:6      | Gained mutation: You regenerate a little health from kills.
                  | [demonic ancestry]
  5949 | D:6      | Reached XP level 8. HP: 43/54 MP: 11/17
  6030 | D:6      | Noticed Maggie
  6056 | D:6      | Killed Maggie
  6057 | D:6      | Reached skill level 1 in Armour
  6057 | D:6      | Reached skill level 1 in Shields
  6287 | D:6      | Found a sand-covered staircase.
  6296 | Ossuary  | Entered an ossuary
  8084 | D:6      | Gained mutation: You regenerate health from kills. [demonic
                  | ancestry]
  8084 | D:6      | Reached XP level 9. HP: 32/62 MP: 14/19
  8607 | D:7      | Found a runed translucent door.
  8613 | D:7      | Learned a level 4 spell: Dispel Undead
  8620 | D:7      | Learned a level 6 spell: Simulacrum
  8788 | D:7      | Noticed Bediveer's ghost (novice DrTm)
  9101 | D:6      | Reached skill level 5 in Evocations
  9337 | D:7      | Found a bloodstained altar of Trog.
  9442 | D:7      | Found a staircase to the Ecumenical Temple.
  9518 | D:7      | Noticed a boulder beetle
  9539 | D:7      | Killed a boulder beetle
  9542 | D:7      | Reached XP level 10. HP: 42/73 MP: 1/21
  9646 | D:7      | Noticed Joseph
  9669 | D:7      | Killed Joseph
  9680 | Temple   | Entered the Ecumenical Temple
  9819 | Temple   | Became a worshipper of Kikubaaqudgha
 10035 | D:7      | Identified the +0 robe "Pauj" {rCorr}
 10249 | D:7      | Found a hide-covered altar of Uskayaw.
 10258 | D:7      | Found an opulent altar of Gozag.
 10274 | D:7      | Noticed a two-headed ogre
 10295 | D:7      | Killed a two-headed ogre
 10296 | D:7      | Reached skill level 5 in Fighting
 10296 | D:7      | Reached skill level 10 in Necromancy
 10632 | D:7      | Killed Bediveer's ghost
 10716 | D:8      | Reached skill level 5 in Armour
 11590 | D:9      | Reached * piety under Kikubaaqudgha
 11590 | D:9      | Received a gift from Kikubaaqudgha
 11807 | D:9      | Noticed a gargoyle
 11824 | D:9      | Killed a gargoyle
 11910 | D:9      | Noticed a death yak
 11910 | D:9      | Noticed a death yak
 11947 | D:9      | Noticed a death yak
 11968 | D:8      | Killed a death yak
 11969 | D:8      | Gained mutation: You have a small tail. [demonic ancestry]
 11969 | D:8      | Reached XP level 11. HP: 76/81 MP: 1/23
 12098 | D:8      | Killed a death yak
 12318 | D:9      | Found a sparkling altar of Nemelex Xobeh.
 12447 | D:9      | Killed a death yak
 12657 | D:9      | Found a staircase to the Lair.
 12861 | D:10     | Entered Level 10 of the Dungeon
 13156 | D:10     | Reached ** piety under Kikubaaqudgha
 13504 | D:10     | Noticed a soul eater
 13969 | D:11     | Noticed a five-headed hydra
 14150 | D:11     | Killed a five-headed hydra
 14151 | D:11     | Reached skill level 10 in Evocations
 14282 | D:11     | Noticed Erolcha
 14340 | D:11     | Killed Erolcha
 14630 | D:11     | Noticed a two-headed ogre
 14642 | D:11     | Killed a two-headed ogre
 14772 | D:11     | Found a staircase to the Orcish Mines.
 15041 | D:11     | Gained mutation: You have a tail ending in a sharp stinger.
                  | [demonic ancestry]
 15041 | D:11     | Reached XP level 12. HP: 81/91 MP: 15/25
 15210 | D:11     | Noticed Harold
 15231 | D:11     | Killed Harold
 15711 | Lair:1   | Entered Level 1 of the Lair of Beasts
 16259 | Lair:1   | Reached *** piety under Kikubaaqudgha
 16259 | Lair:1   | Received a gift from Kikubaaqudgha
 16264 | Lair:1   | Learned a level 2 spell: Sublimation of Blood
 16270 | Lair:1   | Learned a level 5 spell: Borgnjor's Vile Clutch
 16275 | Lair:1   | Learned a level 4 spell: Corpse Rot
 17415 | Lair:2   | Reached skill level 10 in Spellcasting
 17472 | Lair:2   | Found a staircase to the Snake Pit.
 17516 | Lair:2   | Noticed a seven-headed hydra
 17522 | Lair:2   | Killed a seven-headed hydra
 17546 | Lair:2   | Found a staircase to the Shoals.
 17725 | Lair:2   | Found a frozen archway.
 17812 | Lair:2   | Found a dark tunnel.
 17854 | Volcano  | Entered a volcano
 17876 | Volcano  | Noticed a two-headed ogre
 17884 | Volcano  | Killed a two-headed ogre
 18078 | Volcano  | Noticed a two-headed ogre
 18086 | Volcano  | Killed a two-headed ogre
 18208 | Volcano  | Reached XP level 13. HP: 101/101 MP: 1/27
 18835 | Volcano  | Noticed a fire dragon
 18855 | Volcano  | Killed a fire dragon
 19297 | Volcano  | Gained mutation: Your muscles are strong. (Str +2) [potion
                  | of mutation]
 19297 | Volcano  | Gained mutation: You are partially covered in large bone
                  | plates. (SH +4) [potion of mutation]
 19297 | Volcano  | Gained mutation: You expend magic power (3 MP) to
                  | strengthen your wands. [potion of mutation]
 19297 | Volcano  | Gained mutation: Your muscles are very strong. (Str +4)
                  | [potion of mutation]
 20291 | Lair:3   | Reached **** piety under Kikubaaqudgha
 21547 | Lair:4   | Reached skill level 10 in Fighting
 22545 | Lair:5   | Noticed Kirke
 22569 | Lair:5   | Noticed a sphinx
 22838 | Lair:5   | Killed Kirke
 23278 | Lair:5   | Gained mutation: You have a sharp stinger which inflicts
                  | weakening toxins. [demonic ancestry]
 23278 | Lair:5   | Reached XP level 14. HP: 110/110 MP: 25/29
 23284 | Lair:5   | Learned a level 4 spell: Anguish
 23514 | Lair:6   | Entered Level 6 of the Lair of Beasts
 23694 | Lair:5   | Reached ***** piety under Kikubaaqudgha
 24618 | Lair:6   | Found a viscous altar of Jiyva.
 24619 | Lair:6   | Found a staircase to the Slime Pits.
 24796 | Lair:6   | Reached skill level 10 in Armour
 25091 | Lair:6   | Reached skill level 1 in Ice Magic
 25091 | Lair:6   | Reached skill level 1 in Earth Magic
 25571 | Lair:6   | Found the +18 shield of the Gong {rElec rN+ Will+ EV-5}
 25579 | Lair:6   | Identified the ring of the Distant Future {rPois Dex+3
                  | SInv}
 26007 | D:12     | Noticed a war gargoyle
 26052 | D:12     | Killed a war gargoyle
 26163 | D:12     | Mangled by a white ugly thing

Illustrated notes

Levels and vault maps discovered:
D:1:      evilmike_arrival_hilbert_curve, layout_loops_ring,
          chequers_ecumenical_altar_simple_redux, lemuel_flame_loot_1
D:2:      layout_loops_cross, grunt_ministairs_1, st_stairs_7
D:3:      layout_loops_ring, serial_bayou, serial_bayou_crossing,
          serial_bayou_pond_b, serial_bayou_pond_a, serial_bayou_ford_a,
          serial_bayou_pond_c, saegor_snake_ambush
D:4:      layout_loops_cross, gup_sewer_entry_bowl, minmay_goblin_outpost
D:5:      minmay_general_purpose_star, layout_basic,
          chequers_serial_rivers_micro_c
D:6:      black_bear_nest_2, layout_basic, nicolae_ossuary_entry_monument,
          serial_co_window_serial, co_window_paths_a, co_window_paths_b,
          co_window_cross_1, co_window_corner_a, co_window_corner_a,
          co_window_corner_b, co_window_broadway_c, co_window_unsneaky_path_a,
          co_window_cross_2, co_window_unsneaky_path_e, co_window_cross_3,
          glass_columns_a, glass_columns_b, glass_columns_a, glass_columns_a,
          glass_columns_a, uniq_maggie
D:7:      layout_cave_pools, trog_antimagical, mainiacjoe_overflow_swirl,
          minmay_temple_entry_antechambers, ebering_ghost_reflecting_pool,
          minmay_the_grid_2x2 [minmay_the_grid_zigzag_pyramid,
          minmay_the_grid_garden, minmay_the_grid_rooms,
          minmay_the_grid_prize_four_corners_diamond_a], uniq_joseph
D:8:      layout_rooms, kb_lookout_dungeons_type
D:9:      layout_cave_pools, mainiacjoe_overflow_paths, dpeg_lair_monsters,
          serial_bayou_pond_d
D:10:     layout_loops_ring, kennysheep_generic_room_11
D:11:     layout_irregular_city, orc_0_dummy, uniq_harold, uniq_erolcha
D:12:     layout_small_grid, minivault_25_ag
Temple:   dpeg_five_rooms_temple
Lair:1:   layout_gridlike, beast_lair_carwin_9, wad_woods_river_01,
          serial_bayou_shore_b
Lair:2:   layout_gridlike, shoals_dummy_entry, dummy_snake_entry,
          nicolae_volcano_entry_vermiform, portal_ice_cave_entry_pillars_2
Lair:3:   layout_big_grid, evilmike_ambush [evilmike_ambush_outer_corners,
          evilmike_ambush_inner_cross], lemuel_fruit_fields, lemuel_fruit_tree
Lair:4:   layout_regular_city
Lair:5:   layout_cave_pods, kilobyte_rumbling_trees, uniq_kirke
Lair:6:   hangedman_lair_in_review, layout_regular_city,
          dpeg_slime_entry_enclosed_altar

Skill      XL: |  1  2  3  4  5  6  7  8  9 10 11 12 13 14 |
---------------+-------------------------------------------+-----
Necromancy     | 5 6 7 8 9 10 11 12 13 14 | 14.5
Spellcasting   | 3 4 5 6 7 8 9 10 11 | 11.9
Fighting       | 1 2 4 6 7 9 10 11 | 11.3
Evocations     | 1 4 6 8 10 12 14 | 14.8
Armour         | 2 4 5 6 8 9 10 | 10.0
Shields        | 2 4 |  4.2
Ice Magic      | 2 |  2.3
Earth Magic    | 2 |  2.4
Dodging        | |  1.7
Stealth        | |  1.7

Action                   |  1- 3 |  4- 6 |  7- 9 | 10-12 | 13-15 || total
-------------------------+-------+-------+-------+-------+-------++-------
Melee: Dagger            |     2 |       |       |       |       ||     2
       Short sword       |       |     4 |   177 |       |       ||   181
       Quarterstaff      |       |    16 |       |       |       ||    16
       Rapier            |       |       |   161 |   296 |       ||   457
       Staff             |       |       |       |    44 |    26 ||    70
       Tailslap          |       |       |       |    38 |    95 ||   133
       Trident           |       |       |       |     3 |       ||     3
       Quick blade       |       |       |       |       |   397 ||   397
       Unarmed           |       |       |       |       |    11 ||    11
Throw: Dart              |       |     1 |       |     1 |       ||     2
 Cast: Necrotize         |    65 |    84 |    81 |    46 |       ||   276
       Vampiric Draining |     1 |     7 |    36 |   188 |   188 ||   420
       Animate Dead      |       |     3 |     1 |    15 |    12 ||    31
       Dispel Undead     |       |       |       |    15 |     2 ||    17
       Sublimation of Bl |       |       |       |     3 |     5 ||     8
       Anguish           |       |       |       |       |     5 ||     5
Invok: Unearth Wretches  |       |       |       |     3 |     1 ||     4
Evoke: Wand              |       |       |       |       |     3 ||     3
       Box of beasts     |       |       |       |       |     2 ||     2
  Use: Scroll            |       |       |     9 |     6 |    16 ||    31
       Potion            |       |       |       |       |     5 ||     5
 Stab: Paralysed         |       |       |       |     3 |     1 ||     4
       Distracted        |       |       |       |     2 |     7 ||     9
Armor: Robe              |     5 |       |       |       |       ||     5
       Leather armour    |       |    12 |       |       |       ||    12
       Chain mail        |       |       |   285 |   576 |   507 ||  1368
       Ring mail         |       |       |     5 |       |       ||     5
       Fire dragon scale |       |       |       |       |    17 ||    17
Dodge: Dodged            |     5 |    24 |   100 |   214 |   237 ||   580
Block: Buckler           |       |       |    87 |   188 |   268 ||   543
       Kite shield       |       |       |       |       |    71 ||    71

Table legend: (Time is in decaauts)
 A = Elapsed time spent in this place.
 B = Non-inter-level travel time spent in this place.
 C = Inter-level travel time spent in this place.
 D = Time resting spent in this place.
 E = Time spent auto-exploring this place.
 F = Levels seen in this place.
 G = Mean time per level.
                   A        B        C        D        E       F      G
               +--------+--------+--------+--------+--------+-----+--------+
         Total |  26238 |  25508 |    730 |   1951 |  17963 |  22 | 1192.6 |
       Dungeon |  15363 |  14927 |    436 |   1724 |  10044 |  12 | 1280.2 |
        Temple |    173 |    173 |      0 |      0 |    129 |   1 |  173.0 |
          Lair |   8388 |   8094 |    294 |    212 |   6106 |   6 | 1398.0 |
         Sewer |    314 |    314 |      0 |      0 |    220 |   1 |  314.0 |
       Ossuary |    506 |    506 |      0 |     14 |    303 |   1 |  506.0 |
       Volcano |   1490 |   1490 |      0 |      1 |   1160 |   1 | 1490.0 |
               +--------+--------+--------+--------+--------+-----+--------+

Top non-repeatable levels by time:
     D:6: 2339 daAuts
  Lair:6: 1961 daAuts
     D:7: 1816 daAuts
    D:11: 1781 daAuts
  Lair:5: 1563 daAuts
  Lair:1: 1537 daAuts
 Volcano: 1490 daAuts
     D:3: 1359 daAuts
  Lair:2: 1301 daAuts
     D:9: 1225 daAuts
    D:10: 1175 daAuts
     D:4: 1150 daAuts
     D:1: 1133 daAuts
     D:8: 1108 daAuts
  Lair:3: 1087 daAuts
